BLB
INDIANAPOLIS CLOWNS @ PAWTUCKET PATRIOTS
08/18/2059
 
TOP OF THE 1ST
Indianapolis Clowns batting - Pitching for Pawtucket Patriots : RHP Allan Allen
Pitching: RHP Allan Allen
Batting: LHB Elias Owen 0-0: Called Strike
0-1: Hit by Pitch
Batting: RHB Jared Bradley 0-0: Called Strike
0-1: Ball
1-1: Called Strike
1-2: SINGLE (Groundball, 34D, EV 115.6 MPH)
Elias Owen to second
Runner from 2nd tries for 3rd, SAFE, throw by RF made to third
Batting: LHB Grady Faulkner 0-0: Swinging Strike
0-1: Ball
1-1: Ball
Jared Bradley steals 2nd base
2-1: Ball
3-1: Called Strike
3-2: SINGLE (Line Drive, 8RS, EV 109.4 MPH)
Elias Owen scores
Jared Bradley to third
Runner from 3rd tries for Home, SAFE, throw by CF to home
Batting: RHB Bryant Francis 0-0: Called Strike
0-1: DOUBLE (Line Drive, 78XD, EV 105.0 MPH)
Grady Faulkner to third
Batting: LHB Sean Hayward 0-0: Ball
1-0: Swinging Strike
1-1: Ball
2-1: Ground out 6-3 (Groundball, 6M, EV 79.4 MPH)
Grady Faulkner scores
Bryant Francis to third
Batting: RHB Jett Speer 0-0: Called Strike
0-1: Swinging Strike
0-2: Strikes out looking
Batting: RHB Sean Barrett 0-0: Foul Ball, location: 2F
0-1: Ground out 5-3 (Groundball, 56, EV 104.4 MPH)
Top of the 1st over - 3 runs, 3 hits, 0 errors, 1 left on base; Indianapolis 3 - Pawtucket 0
BOTTOM OF THE 1ST
Pawtucket Patriots batting - Pitching for Indianapolis Clowns : RHP Jake Fullerton
Pitching: RHP Jake Fullerton
Batting: SHB Cody Janway 0-0: Ball
1-0: Foul Ball, location: 2F
1-1: Ball
2-1: Swinging Strike
2-2: Foul Ball, location: 2F
2-2: Ball
3-2: SINGLE (Line Drive, 9S, EV 100.6 MPH)
Batting: RHB Keith Friday 0-0: Called Strike
0-1: Ball
1-1: Called Strike
1-2: Fielders Choice at 2nd, 4-6 (Groundball, 4, EV 85.6 MPH)
Batting: LHB Justin Knight 0-0: Called Strike
Keith Friday is caught stealing 2nd base 2-6
0-1: Called Strike
0-2: Ball
1-2: Ground out 4-3 (Groundball, 4, EV 80.6 MPH)
Bottom of the 1st over - 0 runs, 1 hit, 0 errors, 0 left on base; Indianapolis 3 - Pawtucket 0
TOP OF THE 2ND
Indianapolis Clowns batting - Pitching for Pawtucket Patriots : RHP Allan Allen
Batting: RHB Ashby Ellis 0-0: Ground out 4-3 (Groundball, 4D, EV 100.0 MPH)
Batting: RHB Mitch Morgan 0-0: Called Strike
0-1: Foul Ball, location: 2F
0-2: Foul Ball, location: 2F
0-2: Ground out 6-3 (Groundball, 6, EV 102.5 MPH)
Batting: LHB Elias Owen 0-0: Called Strike
0-1: Ball
1-1: SINGLE (Line Drive, 78M, EV 95.6 MPH)
Batting: RHB Jared Bradley 0-0: Foul Ball, location: 2F
0-1: Ball
1-1: Called Strike
Elias Owen steals 2nd base (no throw)
1-2: Foul Ball, location: 2F
1-2: Ball
2-2: Ball
3-2: Foul Ball, location: 2F
3-2: Strikes out looking
Top of the 2nd over - 0 runs, 1 hit, 0 errors, 1 left on base; Indianapolis 3 - Pawtucket 0
BOTTOM OF THE 2ND
Pawtucket Patriots batting - Pitching for Indianapolis Clowns : RHP Jake Fullerton
Batting: RHB Mason Gilbert 0-0: Foul Ball, location: 2F
0-1: Foul Ball, location: 2F
0-2: Ball
1-2: Foul Ball, location: 2F
1-2: Strikes out swinging
Batting: RHB R.C. Sloan 0-0: Ball
1-0: Called Strike
1-1: Fly out, F9 (Flyball, 9, EV 88.8 MPH)
Batting: LHB Gaige King 0-0: Called Strike
0-1: Foul Ball, location: 2F
0-2: Ball
1-2: Ball
2-2: Strikes out swinging
Bottom of the 2nd over - 0 runs, 0 hits, 0 errors, 0 left on base; Indianapolis 3 - Pawtucket 0
TOP OF THE 3RD
Indianapolis Clowns batting - Pitching for Pawtucket Patriots : RHP Allan Allen
Batting: LHB Grady Faulkner 0-0: Called Strike
0-1: Swinging Strike
0-2: Foul Ball, location: 2F
0-2: Ball
1-2: Strikes out swinging
Batting: RHB Bryant Francis 0-0: Ball
1-0: Fly out, F9 (Flyball, 89M, EV 82.5 MPH)
Batting: LHB Sean Hayward 0-0: Ball
1-0: SINGLE (Groundball, 34D, EV 96.9 MPH)
Batting: RHB Jett Speer 0-0: Called Strike
0-1: Ball
1-1: Swinging Strike
1-2: Foul Ball, location: 2F
1-2: Strikes out swinging
Top of the 3rd over - 0 runs, 1 hit, 0 errors, 1 left on base; Indianapolis 3 - Pawtucket 0
BOTTOM OF THE 3RD
Pawtucket Patriots batting - Pitching for Indianapolis Clowns : RHP Jake Fullerton
Batting: RHB Ricky Douglas 0-0: Ball
1-0: Fly out, F8 (Flyball, 8LD, EV 99.4 MPH)
Batting: RHB Brayden Carlson 0-0: Called Strike
0-1: SINGLE (Groundball, 34D, EV 115.0 MPH)
Batting: RHB Isaac Merolla 0-0: Grounds into double play, 4-6-3 (Groundball, 34, EV 79.4 MPH)
Bottom of the 3rd over - 0 runs, 1 hit, 0 errors, 0 left on base; Indianapolis 3 - Pawtucket 0
TOP OF THE 4TH
Indianapolis Clowns batting - Pitching for Pawtucket Patriots : RHP Allan Allen
Batting: RHB Sean Barrett 0-0: Ball
1-0: Foul Ball, location: 2F
1-1: Hit by Pitch
Batting: RHB Ashby Ellis 0-0: Ball
1-0: Ball
2-0: Called Strike
2-1: SINGLE (Groundball, 34S, EV 61.9 MPH) (infield hit)
Sean Barrett to second
Batting: RHB Mitch Morgan 0-0: Ball
Sean Barrett steals 3rd base
1-0: Swinging Strike
1-1: Foul Ball, location: 2F
1-2: Ball
2-2: Fielders Choice at 2nd, 3-6 (Groundball, 34S, EV 81.2 MPH)
Sean Barrett scores
Batting: LHB Elias Owen 0-0: Ball
Mitch Morgan steals 2nd base
1-0: Called Strike
1-1: Ground out 6-3 (Groundball, 6, EV 88.1 MPH)
Mitch Morgan to third
Batting: RHB Jared Bradley 0-0: Fly out, F8 (Flyball, 8RM, EV 98.8 MPH)
Top of the 4th over - 1 run, 1 hit, 0 errors, 1 left on base; Indianapolis 4 - Pawtucket 0
BOTTOM OF THE 4TH
Pawtucket Patriots batting - Pitching for Indianapolis Clowns : RHP Jake Fullerton
Batting: SHB Cody Janway 0-0: Foul Ball, location: 2F
0-1: Ball
1-1: Swinging Strike
1-2: Ball
2-2: Ball
3-2: Foul Ball, location: 2F
3-2: Base on Balls
Batting: RHB Keith Friday 0-0: Ball
1-0: Called Strike
1-1: Ball
2-1: Swinging Strike
2-2: DOUBLE (Flyball, 8LD, EV 100.0 MPH)
Cody Janway to third
Batting: LHB Justin Knight 0-0: Called Strike
0-1: Ball
1-1: Fly out, F9 (Flyball, 89S, EV 89.4 MPH)
Batting: RHB Mason Gilbert 0-0: Ball
1-0: Ball
2-0: Called Strike
2-1: Ball
3-1: Base on Balls
Batting: RHB R.C. Sloan 0-0: Called Strike
0-1: Ball
1-1: Ball
2-1: Swinging Strike
2-2: Strikes out looking
Batting: LHB Gaige King 0-0: Ball
1-0: Foul Ball, location: 2F
1-1: Foul Ball, location: 2F
1-2: SINGLE (Line Drive, 34, EV 100.0 MPH)
Cody Janway scores
Keith Friday to third
Mason Gilbert to second
Runner from 3rd tries for Home, SAFE, throw by RF to home
Batting: RHB Ricky Douglas 0-0: Ball
1-0: Called Strike
1-1: Ball
2-1: SINGLE (Line Drive, 8RS, EV 98.8 MPH)
Mason Gilbert to third
Gaige King to second
Batting: RHB Brayden Carlson 0-0: Ball
1-0: Called Strike
1-1: Called Strike
1-2: Ball
2-2: Foul Ball, location: 2F
2-2: Ball
3-2: Strikes out swinging
Bottom of the 4th over - 2 runs, 3 hits, 0 errors, 3 left on base; Indianapolis 4 - Pawtucket 2
TOP OF THE 5TH
Indianapolis Clowns batting - Pitching for Pawtucket Patriots : RHP Allan Allen
Batting: LHB Grady Faulkner 0-0: Called Strike
0-1: Ball
1-1: Called Strike
1-2: Strikes out swinging
Batting: RHB Bryant Francis 0-0: Ball
1-0: Called Strike
1-1: Foul Ball, location: 2F
1-2: Ball
2-2: Foul Ball, location: 2F
2-2: Ball
3-2: Strikes out swinging
Batting: LHB Sean Hayward 0-0: Ball
1-0: Called Strike
1-1: Ball
2-1: Fly out, F9 (Flyball, 9D, EV 91.9 MPH)
Top of the 5th over - 0 runs, 0 hits, 0 errors, 0 left on base; Indianapolis 4 - Pawtucket 2
BOTTOM OF THE 5TH
Pawtucket Patriots batting - Pitching for Indianapolis Clowns : RHP Jake Fullerton
Batting: RHB Isaac Merolla 0-0: Called Strike
0-1: Ball
1-1: Swinging Strike
1-2: Ball
2-2: Ball
3-2: Strikes out swinging
Pitching: RHP Joey Fleury
Batting: SHB Cody Janway 0-0: Ball
1-0: Ground out 1-3 (Groundball, 13, EV 64.4 MPH)
Batting: RHB Keith Friday 0-0: Ball
1-0: Foul Ball, location: 2F
1-1: Ball
2-1: Ground out 6-3 (Groundball, 6S, EV 92.5 MPH)
Bottom of the 5th over - 0 runs, 0 hits, 0 errors, 0 left on base; Indianapolis 4 - Pawtucket 2
TOP OF THE 6TH
Indianapolis Clowns batting - Pitching for Pawtucket Patriots : RHP Allan Allen
Pitching: RHP Gage Curling
Batting: RHB Jett Speer 0-0: Called Strike
0-1: Foul Ball, location: 2F
0-2: Foul Ball, location: 2F
0-2: Ground out 4-3 (Groundball, 34, EV 110.0 MPH)
Batting: RHB Sean Barrett 0-0: Ball
1-0: Ball
2-0: SINGLE (Groundball, 56D, EV 100.0 MPH)
Batting: RHB Ashby Ellis 0-0: Ball
1-0: Ball
Sean Barrett steals 2nd base
2-0: Ball
3-0: Base on Balls
Batting: RHB Mitch Morgan 0-0: Ball
1-0: Called Strike
1-1: Ball
2-1: Fielders Choice at 2nd, 4-6 (Groundball, 34, EV 103.1 MPH)
Sean Barrett to third
Batting: LHB Elias Owen 0-0: Foul Ball, location: 2F
0-1: Ball
1-1: Ground out 4-3 (Groundball, 34S, EV 78.8 MPH)
Top of the 6th over - 0 runs, 1 hit, 0 errors, 2 left on base; Indianapolis 4 - Pawtucket 2
BOTTOM OF THE 6TH
Pawtucket Patriots batting - Pitching for Indianapolis Clowns : RHP Joey Fleury
Batting: LHB Justin Knight 0-0: SINGLE (Groundball, 25, EV 71.2 MPH) (infield hit)
Batting: RHB Mason Gilbert 0-0: Called Strike
0-1: Ball
1-1: Ball
2-1: Ball
3-1: Swinging Strike
3-2: Strikes out swinging
Justin Knight is caught stealing 2nd base 2-4
Batter strikes out.
Batting: RHB R.C. Sloan 0-0: Foul Ball, location: 2F
0-1: Swinging Strike
0-2: Strikes out looking
Bottom of the 6th over - 0 runs, 1 hit, 0 errors, 0 left on base; Indianapolis 4 - Pawtucket 2
TOP OF THE 7TH
Indianapolis Clowns batting - Pitching for Pawtucket Patriots : RHP Gage Curling
Batting: RHB Jared Bradley 0-0: Called Strike
0-1: Ball
1-1: DOUBLE (Line Drive, 89M, EV 106.2 MPH)
Batting: LHB Grady Faulkner 0-0: Intentional Walk
Batting: RHB Bryant Francis 0-0: Ball
1-0: SINGLE (Groundball, 56D, EV 108.8 MPH)
Jared Bradley to third
Grady Faulkner to second
Batting: LHB Sean Hayward 0-0: Ball
1-0: Ball
2-0: Fly out, F7 (Flyball, 7D, EV 91.9 MPH)
Runner from 3rd tags up, SCORES, no throw by LF
Pitching: LHP Zachary Jackson
Batting: RHB Jett Speer 0-0: Called Strike
0-1: Ball
1-1: SINGLE (Groundball, 6D, EV 100.0 MPH)
Grady Faulkner to third
Bryant Francis to second
Batting: RHB Sean Barrett 0-0: Swinging Strike
0-1: Fly out, F8 (Flyball, 89D, EV 90.0 MPH)
Runner from 3rd tags up, SCORES, throw by CF
Bryant Francis to third
Batting: RHB Ashby Ellis 0-0: Called Strike
0-1: Fielders Choice at 2nd, 6-4 (Groundball, 6, EV 100.0 MPH)
Top of the 7th over - 2 runs, 3 hits, 0 errors, 2 left on base; Indianapolis 6 - Pawtucket 2
BOTTOM OF THE 7TH
Pawtucket Patriots batting - Pitching for Indianapolis Clowns : RHP Joey Fleury
Batting: LHB Gaige King 0-0: Fly out, F7 (Flyball, 7, EV 95.0 MPH)
Batting: RHB Ricky Douglas 0-0: Called Strike
0-1: Ball
1-1: Ball
2-1: Ground out 6-3 (Groundball, 4M, EV 86.2 MPH)
Batting: RHB Brayden Carlson 0-0: Ball
1-0: Foul Ball, location: 2F
1-1: Ball
2-1: Called Strike
2-2: Strikes out swinging
Bottom of the 7th over - 0 runs, 0 hits, 0 errors, 0 left on base; Indianapolis 6 - Pawtucket 2
TOP OF THE 8TH
Indianapolis Clowns batting - Pitching for Pawtucket Patriots : LHP Zachary Jackson
Batting: RHB Mitch Morgan 0-0: Ball
1-0: Called Strike
1-1: SINGLE (Groundball, 34D, EV 103.1 MPH)
Batting: LHB Elias Owen 0-0: Ball
Mitch Morgan is caught stealing 2nd base 2-6
1-0: Called Strike
1-1: Called Strike
1-2: Ball
2-2: Ground out 6-3 (Groundball, 6, EV 80.6 MPH)
Batting: RHB Jared Bradley 0-0: Called Strike
0-1: Swinging Strike
0-2: Ball
1-2: Strikes out swinging
Top of the 8th over - 0 runs, 1 hit, 0 errors, 0 left on base; Indianapolis 6 - Pawtucket 2
BOTTOM OF THE 8TH
Pawtucket Patriots batting - Pitching for Indianapolis Clowns : RHP Joey Fleury
Batting: RHB Isaac Merolla 0-0: Ball
1-0: Called Strike
1-1: Ball
2-1: Ball
3-1: Foul Ball, location: 2F
3-2: Strikes out swinging
Batting: SHB Cody Janway 0-0: Foul Ball, location: 2F
0-1: Ball
1-1: Ball
2-1: Called Strike
2-2: Ball
3-2: Foul Ball, location: 2F
3-2: SINGLE (Flyball, 9LS, EV 85.6 MPH)
Pitching: RHP Garrick Tso
Batting: RHB Keith Friday 0-0: Called Strike
0-1: Fielders Choice at 2nd, 3-6 (Groundball, 3, EV 86.2 MPH)
Batting: LHB Justin Knight 0-0: Ball
1-0: Foul Ball, location: 2F
1-1: Ball
2-1: SINGLE (Line Drive, 7S, EV 97.5 MPH)
Keith Friday to second
Pitching: RHP Kristofer Humberto
Batting: RHB Mason Gilbert 0-0: Ball
1-0: Foul Ball, location: 2F
1-1: Foul Ball, location: 2F
1-2: Foul Ball, location: 2F
1-2: Ball
2-2: Ball
3-2: SINGLE (Line Drive, 3D, EV 98.8 MPH)
Keith Friday to third
Justin Knight to second
Keith Friday scores
Justin Knight to third
Batting: RHB R.C. Sloan 0-0: Called Strike
0-1: Fly out, F8 (Flyball, 8RM, EV 97.5 MPH)
Bottom of the 8th over - 1 run, 3 hits, 0 errors, 2 left on base; Indianapolis 6 - Pawtucket 3
TOP OF THE 9TH
Indianapolis Clowns batting - Pitching for Pawtucket Patriots : LHP Zachary Jackson
Pitching: RHP J.D. de Leon
Batting: LHB Grady Faulkner 0-0: Ball
1-0: SOLO HOME RUN (Flyball, 78XD, EV 98.8 MPH), Distance : 388 ft
Batting: RHB Bryant Francis 0-0: Ball
1-0: Foul Ball, location: 2F
1-1: Swinging Strike
1-2: Strikes out swinging
Batting: LHB Sean Hayward 0-0: Ball
1-0: Foul Ball, location: 2F
1-1: Swinging Strike
1-2: Strikes out looking
Batting: RHB Jett Speer 0-0: Called Strike
0-1: Ball
1-1: Ball
2-1: Foul Ball, location: 2F
2-2: SOLO HOME RUN (Flyball, 78XD, EV 108.8 MPH), Distance : 421 ft
Batting: RHB Sean Barrett 0-0: Called Strike
0-1: Ball
1-1: Swinging Strike
1-2: Strikes out swinging
Top of the 9th over - 2 runs, 2 hits, 0 errors, 0 left on base; Indianapolis 8 - Pawtucket 3
BOTTOM OF THE 9TH
Pawtucket Patriots batting - Pitching for Indianapolis Clowns : RHP Kristofer Humberto
Batting: LHB Gaige King 0-0: SINGLE (Line Drive, 8RS, EV 92.5 MPH)
Batting: RHB Ricky Douglas 0-0: Called Strike
0-1: Foul Ball, location: 2F
0-2: Grounds into double play, 6-4-3 (Groundball, 6, EV 86.2 MPH)
Batting: RHB Brayden Carlson 0-0: Ball
1-0: Called Strike
1-1: Ball
2-1: Called Strike
2-2: Ground out 6-3 (Groundball, 6MD, EV 104.4 MPH)
Bottom of the 9th over - 0 runs, 1 hit, 0 errors, 0 left on base; Indianapolis 8 - Pawtucket 3
Monday, March 25th , 2024 - OOTP Baseball 23.10 Build 110